 Dungeon Crawl Stone Soup version 0.17-a0-649-g87edefa (webtiles) character file.

31 laxity the Insei (level 3, -1/34 HPs)
             Began as an Octopode Transmuter on Apr 17, 2015.
             Slain by a goblin
             ... wielding a +0 club
             ... led by Robin
              (2 damage)
             ... on level 2 of the Dungeon.
             The game lasted 00:01:03 (733 turns).

laxity the Insei (Octopode Transmuter)               Turns: 733, Time: 00:01:03

Health: -1/34      AC: 21    Str:  9    XL:     3   Next: 22%
Magic:  4/6        EV:  2    Int: 16    God:
Gold:   40         SH:  0    Dex: 12    Spells: 1 memorised, 5 levels left

rFire  . . .     SeeInvis .       - Unarmed
rCold  . . .     Clarity  .     (no shield)
rNeg   + + +     SustAb   .     (helmet currently unavailable)
rPois  +         Gourm    .     (no amulet)
rElec  .         Spirit   .     (no ring)
rCorr  .         Warding  .     (no ring)
rMut   .         NoTele   +     (no ring)
MR     .....                    (no ring)
Stlth  +.........               (no ring)
                                (no ring)
                                (no ring)
                                (no ring)

@: tree-form, very slightly contaminated, not resistant to hostile enchantments,
very unstealthy
A: almost no armour, amphibious, 8 rings, (constrict 8), (camouflage 0),
(gelatinous body 0)
a: no special abilities


You were on level 2 of the Dungeon.
You were not hungry.
You were a tree.
You visited 1 branch of the dungeon, and saw 2 of its levels.

You collected 40 gold pieces.

Inventory:

Missiles
 b - 53 arrows
Scrolls
 e - a scroll of remove curse {unknown}
 g - a scroll of immolation {unknown}
 h - a scroll of teleportation {unknown}
 i - a scroll of identify {unknown}
Books
 d - a book of Changes

   Spells                             Type                      Level
   a - Beastly Appendage              Transmutation                1
   b - Sticks to Snakes               Transmutation                2
   c - Spider Form                    Transmutation/Poison         3
   d - Ice Form                       Ice/Transmutation            4
   e - Blade Hands                    Transmutation                5
Comestibles
 a - 2 bread rations
 f - a beef jerky


   Skills:
 - Level 1.0 Fighting
 - Level 2.0 Dodging
 + Level 4.2 Unarmed Combat
 - Level 2.0 Spellcasting
 - Level 2.0 Transmutations


You had 5 spell levels left.
You knew the following spells:

 Your Spells              Type           Power        Failure   Level  Hunger
a - Beastly Appendage     Trmt           #.....       10%         1    #......


Dungeon Overview and Level Annotations

Branches:
Dungeon (2/15)

Altars:


Innate Abilities, Weirdness & Mutations

You cannot wear most types of armour.
You are amphibious.
You can wear up to eight rings at the same time.
((You can use your tentacles to constrict eight enemies at once.))
((Your skin changes colour to match your surroundings (Stealth).))
((Your rubbery body absorbs attacks (AC +1).))


Message History

Your experience leads to an increase in your attributes!
Increase (S)trength, (I)ntelligence, or (D)exterity?
You feel clever. The goblin hits you with a dagger.
* * * LOW HITPOINT WARNING * * *
You barely miss the goblin. Your grab misses the goblin. The goblin misses you.
A hobgoblin comes into view.
You tentacle-slap the goblin. You grab the goblin.
The goblin is heavily wounded.
You constrict the goblin.
You kill the goblin!
The goblin hits you with a dagger.
* * * LOW HITPOINT WARNING * * *
Drink which item? (? for menu, Esc to quit)
It was a potion of lignification.
You turn into a tree.
Your roots penetrate the ground.
The goblin hits you but does no damage.
You smack the goblin!
You kill the goblin!
The goblin hits you with a club.
You die...

..# . ... g. ##
#.# .# .. #.# g#
#. #.# g# #. #.#
.# #. #.# .# #.
##.####)#
#.#####...)♣gg#
#.<†.....######
########.#########
#..........
###########


You could see a hobgoblin (frenzied) and a goblin (frenzied).

Vanquished Creatures
  Robin (D:2)
  A giant gecko (D:1)
  A ball python (D:2)
  8 goblins
  3 hobgoblins (D:1)
  3 bats (D:1)
  2 giant newts
  3 rats (D:1)
22 creatures vanquished.

Notes
Turn   | Place    | Note
--------------------------------------------------------------
     0 | D:1      | laxity, the Octopode Transmuter, began the quest for the Orb.
     0 | D:1      | Reached XP level 1. HP: 13/13 MP: 3/3
   269 | D:1      | Reached XP level 2. HP: 18/18 MP: 5/5
   713 | D:2      | Noticed Robin
   729 | D:2      | Killed Robin
   729 | D:2      | Reached skill level 4 in Unarmed Combat
   729 | D:2      | Reached XP level 3. HP: 3/23 MP: 4/6
   731 | D:2      | HP: 1/23 [goblin/dagger[Robin] (2)]
   733 | D:2      | Slain by a goblin

Action                   || total
-------------------------++-------
Melee: Unarmed           ||    53
  Use: Potion            ||     1
 Stab: Sleeping          ||     3
